 Dungeon Crawl Stone Soup version 0.26.1-11-gd32895ea62 (webtiles) character file.

Game seed: 7761893488480351541

442 Arcadio the Ducker (level 7, -4/70 HPs)
             Began as an Ogre Fighter on June 2, 2021.
             Slain by an ogre
             ... wielding a +0 giant spiked club
              (19 damage)
             ... on level 4 of the Dungeon.
             The game lasted 00:09:01 (4315 turns).

Arcadio the Ducker (Ogre Fighter)                   Turns: 4315, Time: 00:09:02

Health: -4/70      AC:  4    Str: 23    XL:     7   Next: 2%
Magic:  7/7        EV:  9    Int:  9    God:
Gold:   213        SH:  9    Dex:  8    Spells: 6/6 levels left

rFire    . . .     SeeInvis .   a - +1 war axe
rCold    . . .     Faith    .   c - +0 kite shield
rNeg     . . .     Spirit   .   b - +0 robe
rPois    .         Reflect  .   (helmet restricted)
rElec    .         Harm     .   d - +0 cloak
rCorr    .         Rampage  .   (gloves unavailable)
Will     .....                  (boots unavailable)
Stlth    +.........             (no amulet)
HPRegen  0.21/turn              (no ring)
MPRegen  0.10/turn              (no ring)

@: no status effects
A: large, unfitting armour, tough skin 1
a: no special abilities


You were on level 4 of the Dungeon.
You visited 1 branch of the dungeon, and saw 4 of its levels.

You collected 213 gold pieces.

Inventory:

Hand Weapons
 a - a +1 war axe (weapon)
 q - a cursed -2 mace
Missiles
 h - 15 poisoned darts (quivered)
 k - 2 atropa-tipped darts
Armour
 b - a +0 robe (worn)
 c - a +0 kite shield (worn)
 d - a +0 cloak (worn)
 v - a +0 robe of cold resistance
Jewellery
 l - a +6 ring of dexterity {unknown}
 s - an uncursed ring of magical power {unknown}
Scrolls
 e - a scroll of blinking
 g - a scroll of enchant weapon
 j - a scroll of teleportation
 m - a scroll of amnesia {unknown}
 n - a scroll of enchant armour {unknown}
 o - a scroll of random uselessness {unknown}
 p - a scroll of immolation
 r - 2 scrolls of magic mapping
Potions
 f - a potion of curing
 i - a potion of haste
 t - 2 potions of attraction {unknown}
 u - a potion of invisibility {unknown}


   Skills:
 - Level 4.0 Fighting
 + Level 4.5 Axes
 + Level 4.5 Dodging
 + Level 4.5 Shields


You had 6 spell levels left.
You didn't know any spells.
Your spell library was empty.

Dungeon Overview and Level Annotations

Branches:
Dungeon (4/15)
 Temple: D:4-7

Altars:
Cheibriados
Yredelemnul


Innate Abilities, Weirdness & Mutations

You are too large for most types of armour.
You have tough skin. (AC +1)


Message History

The ogre is severely wounded.
The ogre hits you with a +0 giant spiked club.
You barely miss the ogre.
The ogre is severely wounded.
The ogre hits you with a +0 giant spiked club!
You slash the ogre!
The ogre is almost dead.
You block the ogre's attack.
You hit the ogre but do no damage.
The ogre is almost dead.
The ogre hits you with a +0 giant spiked club!!
* * * LOW HITPOINT WARNING * * *
You completely miss the ogre.
The ogre is almost dead.
You block the ogre's attack.
You feel better.
You hit the ogre.
The ogre is almost dead.
The ogre hits you with a +0 giant spiked club!!
You die...

##.........
###.........
#...........
#.......####
#...........
#...O.......
#...........
#########'##.....
#...O@....# #....
#.........# .)..
#.........# ...
##.........# ..
#..........# ####
#.....####.#
#####.... #.....#
#.####......#
#.....#
#....'......+
#.....#
######......#


You could see an ogre.

Vanquished Creatures
  Menkaure (D:4)
  A scorpion (D:3)
  Crazy Yiuf (D:2)
  An iguana (D:4)
  Natasha (thrice) (D:3)
  Robin (D:4)
  7 adders
  An ooze (D:3)
  3 dart slugs
  2 leopard geckos
  2 giant cockroaches
  5 hobgoblins
  4 jackals
  A quokka (D:3)
  8 bats
  A frilled lizard (D:2)
  17 goblins
  9 kobolds
  6 rats
  A toadstool (D:3)
75 creatures vanquished.

Vanquished Creatures (others)
  11 fungi (D:3)
  3 toadstools (D:3)
14 creatures vanquished.

Grand Total: 89 creatures vanquished

Notes
Turn   | Place    | Note
-------+----------+-------------------------------------------
     0 | D:1      | Arcadio the Ogre Fighter began the quest for the Orb.
     0 | D:1      | Reached XP level 1. HP: 24/24 MP: 1/1
   184 | D:1      | Reached XP level 2. HP: 32/32 MP: 2/2
  1207 | D:2      | Reached XP level 3. HP: 37/39 MP: 3/3
  1236 | D:2      | Found a basalt altar of Yredelemnul.
  1492 | D:2      | Found a runed translucent door.
  1493 | D:2      | Noticed Crazy Yiuf
  1780 | D:2      | Found a snail-covered altar of Cheibriados.
  1855 | D:2      | Reached XP level 4. HP: 42/48 MP: 4/4
  2026 | D:2      | Killed Crazy Yiuf
  2340 | D:3      | Noticed Natasha
  2350 | D:3      | Killed Natasha
  2351 | D:3      | Reached XP level 5. HP: 36/54 MP: 5/5
  2853 | D:3      | Noticed Natasha
  2873 | D:3      | Killed Natasha
  3197 | D:3      | Noticed Natasha
  3205 | D:3      | Killed Natasha
  3422 | D:4      | Reached XP level 6. HP: 44/62 MP: 6/6
  3455 | D:4      | Noticed Robin
  4069 | D:4      | Killed Robin
  4102 | D:4      | Noticed Menkaure
  4102 | D:4      | Noticed an ice beast
  4126 | D:4      | Killed Menkaure
  4260 | D:3      | Reached XP level 7. HP: 63/70 MP: 7/7
  4315 | D:4      | Slain by an ogre

Illustrated notes

Levels and vault maps discovered:
D:1:      dpeg_arrival_connections, layout_loops_corners, hangedman_decor_push
D:2:      layout_loops_ring, cheibriados_altar_1,
          nicolae_overflow_hidden_temple, hangedman_decor_growths,
          serial_bayou_pond_e, bh_walls_and_bars, uniq_crazy_yiuf_cottage
D:3:      layout_loops_cross, minmay_gold_behind_fungi, chequers_mini_garden,
          uniq_natasha
D:4:      layout_basic, pdpol_wu_jian_five_deadly_venoms, uniq_robin,
          uniq_menkaure

Skill      XL: |  1  2  3  4  5  6 |
---------------+-------------------+-----
Shields        | 3 4 |  4.5
Dodging        | 3 4 |  4.5
Axes           | 3 4 |  4.5
Fighting       | |  4.0

Action                   |  1- 3 |  4- 6 |  7- 9 || total
-------------------------+-------+-------+-------++-------
Melee: War axe           |   134 |   124 |    12 ||   270
  Use: Scroll            |     1 |     6 |       ||     7
       Potion            |       |     1 |     1 ||     2
 Stab: Invisible         |       |     1 |       ||     1
Armor: Robe              |    54 |    30 |       ||    84
Dodge: Dodged            |    62 |    68 |     3 ||   133
Block: Kite shield       |    67 |    83 |     3 ||   153
